 Dungeon Crawl Stone Soup version 0.20-a0-444-g03c7170 (webtiles) character file.

185 Asddderdsw the Chopper (level 5, 0/41 HPs)
             Began as a Draconian Wanderer on Jan 5, 2017.
             Slain by an orc
             ... wielding a +0 morningstar
              (4 damage)
             ... on level 4 of the Dungeon on Jan 6, 2017.
             The game lasted 00:31:47 (3464 turns).

Asddderdsw the Chopper (Draconian Wanderer)         Turns: 3464, Time: 00:31:47

Health: 0/41       AC:  5    Str: 18    XL:     5   Next: 37%
Magic:  5/5        EV: 12    Int: 11    God:
Gold:   116        SH:  0    Dex:  9    Spells: 4/4 levels left

rFire  . . .     SeeInvis .     a - +2 dagger
rCold  . . .     Gourm    .     (armour unavailable)
rNeg   . . .     Faith    .     (no shield)
rPois  .         Spirit   .     (helmet restricted)
rElec  .         Reflect  .     (no cloak)
rCorr  .         Harm     .     (no gloves)
MR     .....                    (no boots)
Stlth  +.........               (no amulet)
                                (no ring)
                                (no ring)

@: no status effects
A: unfitting armour, cold-blooded, AC +5
a: no special abilities


You were on level 4 of the Dungeon.
You were not hungry.

You visited 1 branch of the dungeon, and saw 4 of its levels.
You also visited: Sewer.

You collected 116 gold pieces.

Inventory:

Hand Weapons
 a - a +2 dagger (weapon)
 c - a +0 shortbow
 q - a +0 hunting sling
 u - a +0 blowgun
 v - a +0 dagger
 B - a +0 quarterstaff
 D - a +0 flail
Missiles
 d - 22 arrows
 g - 59 stones (quivered)
 j - 12 bolts
 t - 34 poisoned needles
Wands
 A - a wand of acid (0/15)
 C - a wand of lightning (3/15)
Scrolls
 e - 2 scrolls of magic mapping {unknown}
 i - a scroll of recharging {unknown}
 k - 2 scrolls of enchant weapon {unknown}
 l - 2 scrolls of amnesia {unknown}
 m - 4 scrolls of teleportation {unknown}
 p - a scroll of noise {unknown}
 y - a scroll of fog {unknown}
Potions
 b - a potion of berserk rage
 n - a potion of brilliance {unknown}
 o - 2 potions of flight
 r - a potion of curing {unknown}
 s - 2 potions of heal wounds
 w - a potion of magic {unknown}
 x - a potion of haste {unknown}
 z - a potion of might
Comestibles
 f - a bread ration
 h - a meat ration
 E - 13 chunks of flesh


   Skills:
 + Level 2.1 Fighting
 + Level 2.2 Short Blades
   Level 5.4 Axes
 + Level 1.9 Bows
   Level 1.7 Crossbows
 + Level 1.0 Throwing
 + Level 2.0 Dodging
 + Level 1.4 Stealth


You had 4 spell levels left.
You didn't know any spells.

Dungeon Overview and Level Annotations

Branches:
Dungeon (4/15)
 Temple: D:4-7

Altars:
Dithmenos


Innate Abilities, Weirdness & Mutations

Your plain brown scales are hard. (AC +5)
You cannot fit into any form of body armour.
You are cold-blooded and may be slowed by cold attacks.


Message History

The puff of frost hits you!
* * * LOW HITPOINT WARNING * * *
There is a stone staircase leading down here.
The orc barely misses you.
You climb downwards.
There is a stone staircase leading up, spattered with blood here.
Things that are here:
a club; a dagger; a hobgoblin skeleton You barely miss the orc.
The orc hits you with a morningstar.
* * * LOW HITPOINT WARNING * * *
You barely miss the orc. The orc barely misses you.
You hit the orc.
The orc is heavily wounded.
You barely miss the orc.
The orc is heavily wounded.
The orc hits you but does no damage.
You hit the orc.
Your tail-slap misses the orc.
The orc is heavily wounded.
The orc hits you with a morningstar.
You die...

### ### #.######o#
#......#@#
#.####.#[# #.#
#.#[# ##'##
#.#.### #...#
#.....#
#...#########
#.......... ####
#..........
.....##...######.#


You could see an orc.

Vanquished Creatures
  An orc wizard (D:4)
  An iguana (D:4)
  3 adders
  An ooze (D:1)
  2 worms (D:3)
  2 dart slugs
  A leopard gecko (D:1)
  5 orcs (D:4)
  7 bats
  A giant cockroach (D:1)
  3 goblins
  9 hobgoblins
  18 jackals
  9 kobolds
  2 quokkas (D:2)
  3 ball pythons (Sewer)
  7 frilled lizards
  7 rats
  5 plants (Sewer)
87 creatures vanquished.

Vanquished Creatures (others)
  3 plants (Sewer)
3 creatures vanquished.

Grand Total: 90 creatures vanquished

Notes
Turn   | Place    | Note
-------+----------+-------------------------------------------
     0 | D:1      | Asddderdsw the Draconian Wanderer began the quest for the Orb.
     0 | D:1      | Asddderdsw set off with: a +2 dagger, a potion of berserk rage, a +0 shortbow, 25 arrows, a +0 hand axe, a bread ration
     0 | D:1      | Reached XP level 1. HP: 16/16 MP: 1/1
   226 | D:1      | Reached XP level 2. HP: 20/23 MP: 2/2
   343 | D:1      | Upgraded the game from 0.20-a0-439-g81164ae to 0.20-a0-443-g0464b71
   343 | D:1      | Upgraded the game from 0.20-a0-443-g0464b71 to 0.20-a0-444-g03c7170
   617 | D:1      | Reached XP level 3. HP: 12/28 MP: 3/3
   634 | D:1      | Reached skill level 1 in Dodging
   831 | D:1      | Reached skill level 1 in Bows
  1203 | D:2      | Found a shadowy altar of Dithmenos.
  1942 | D:2      | Reached XP level 4. HP: 31/36 MP: 4/4
  2025 | D:3      | Reached skill level 1 in Short Blades
  2086 | D:3      | Found a glowing drain.
  2090 | Sewer    | Entered a sewer
  3324 | D:4      | Reached XP level 5. HP: 40/41 MP: 5/5
  3464 | D:4      | Slain by an orc

Vault maps used:
D:1:      grunt_arrival_crossed_arrows
D:2:      nicolae_dithmenos_shadow_blocks
D:3:      first_bread, gup_sewer_entry_bowl, uniq_iyjb
D:4:      minmay_ogre_servants
Sewer:    sewer_co_scattered_pipes

Skill      XL: |  1  2  3  4  5 |
---------------+----------------+-----
Dodging        | 1 2 |  2.0
Bows           | 1 |  1.9
Short Blades   | 2 |  2.2
Fighting       | 2 |  2.1
Axes           | |  5.4
Crossbows      | |  1.7
Throwing       | |  1.0
Stealth        | |  1.4

Action                   |  1- 3 |  4- 6 || total
-------------------------+-------+-------++-------
Melee: Dagger            |   167 |   593 ||   760
       Tailslap          |    14 |   121 ||   135
 Fire: Shortbow          |    21 |    15 ||    36
Throw: Stone             |       |     8 ||     8
Evoke: Wand              |       |     3 ||     3
  Use: Potion            |     4 |     1 ||     5
  Eat: Bread ration      |     1 |       ||     1
       Pizza             |     1 |       ||     1
       Chunk             |       |     4 ||     4
Armor: Skin              |   112 |    41 ||   153
Dodge: Dodged            |   182 |   107 ||   289
